[Event "*** Titled Tuesday Blitz"]
[Site "Chess.com"]
[Date "2020.04.21"]
[Round "7"]
[White "Megagigahiper3345"]
[Black "WinningButNotReally"]
[Result "1/2-1/2"]
[WhiteElo "2556"]
[BlackElo "2413"]
[TimeControl "180+1"]
[EndTime "11:25:02 PDT"]
[Termination "Game drawn by 50-move rule"]

1. d4 Nf6 2. c4 g6 3. Nc3 d5 4. cxd5 Nxd5 5. e4 Nxc3 6. bxc3 Bg7 7. Nf3 c5 8. Rb1 O-O 9. Be2 Nc6 10. d5 Ne5 11.
Nxe5 Bxe5 12. c4 e6 13. O-O f5 14. exf5 exf5 15. Bh6 Re8 16. Bf3 Qh4 17. g3 Qxh6 18. d6 Be6 19. d7 Red8 20. Bd5 g5 21. Re1 Qf6 22. Qe2 Bxd5 23. cxd5 Bd6 24. Qe6+ Qxe6 25.
dxe6 Kf8 26. Rxb7 Ke7 27. Rbb1 Rab8 28. Rbd1 Rb6 29. Rd5 Bc7 30. Rxc5 Rxe6 31. Rxe6+ Kxe6 32. Rxc7 Rxd7 33. Rc6+ Kd5 34. Rc2 Ke4 35. Kg2 f4 36. gxf4 Kxf4 37. Rc4+ Kf5 38. Rc5+ Kg6 39. Kg3 Rd3+ 40.
f3 Ra3 41. Rc6+ Kh5 42. Rc2 h6 43. Rd2 a5 44. h3 Ra4 45. Rc2 Rd4 46. Rc5 a4 47.
Ra5 Kg6 48. Ra6+ Kf5 49. Ra5+ Kf6 50. Ra6+ Ke5 51. Ra8 Rb4 52. Ra6 h5 53. Ra5+ Kf6 54. Ra6+ Kf5 55. Ra5+ Kf6 56. Ra6+ Ke5 57. Rg6 Kf5 58. Ra6 h4+ 59. Kf2 Rb2+ 60. Ke3 Rxa2 61. Ra5+ Kf6 62. f4 Ra3+ 63. Ke4 gxf4 64. Kxf4 Rxh3 65. Rxa4 Rg3 66. Ra6+ Kg7 67. Rb6 Rg2 68. Kf3 Rg1 69. Rb4 Rh1 70. Kg4 Kg6 71. Rb6+ Kg7 72.
Rb3 Kg6 73. Rh3 Rg1+ 74. Kxh4 Kf5 75. Rf3+ Ke4 76. Rf8 Ke5 77. Kh3 Rg7 78. Re8+ Kf6 79. Ra8 Rh7+ 80. Kg4 Rg7+ 81. Kf4 Rb7 82. Ra6+ Kf7 83.
Ke5 Rb5+ 84. Kd6 Rh5 85. Ra7+ Kf6 86. Ra8 Rh7 87. Rf8+ Rf7 88. Rg8 Rg7 89. Ra8 Rg1 90. Rf8+ Kg7 91. Rf2 Rd1+ 92. Ke6 Re1+ 93. Kf5 Ra1 94.
Rg2+ Kf7 95. Rf2 Ra5+ 96. Ke4+ Ke7 97. Rh2 Rg5 98. Rh7+ Kd6 99. Kf4 Ra5 100. Rh6+ Ke7 101. Rh7+ Kf6 102. Rh6+ Kg7 103. Rb6 Ra4+ 104. Kf5 Ra5+ 105. Ke6 Rg5 106. Rb7+ Kh6 107. Rb8 Rg1 108. Rh8+ Kg7 109. Rh2 Re1+ 110. Kf5 Rf1+ 111. Ke4 Re1+ 112. Kf3 Ra1 113. Rg2+ Kf7 114. Rb2 Ra3+ 115. Kf4 Ra4+ 116. Ke5 Ra5+ 117. Kd6 Ra6+ 118. Kc7 Ra1 119. Rf2+ Ke6 120. Re2+ Kd5 121. Rd2+ Ke4 122. Kd6 Ke3 123. Rb2 Ra6+ 124. Kc5 1/2-1/2

[Event "*** Titled Tuesday Blitz"]
[Site "Chess.com"]
[Date "2020.04.21"]
[Round "7"]
[White "Muguet7"]
[Black "KarpovVadim"]
[Result "1/2-1/2"]
[WhiteElo "2498"]
[BlackElo "2323"]
[TimeControl "180+1"]
[EndTime "11:25:23 PDT"]
[Termination "Game drawn - timeout vs insufficient material"]

1. g3 Nf6 2. Bg2 d5 3. d4 c6 4. Nf3 Bf5 5. O-O e6 6. c4 h6 7. b3 Be7 8. Bb2 Nbd7 9. Nbd2 O-O 10. Ne5 a5 11. Ndf3 Ne4 12. Nxd7 Qxd7 13. Ne5 Qd8 14. c5 Nf6 15. f3 Nd7 16. Nd3 b6 17. e4 Bh7 18. cxb6 Qxb6 19. Kh1 Rfc8 20. Rc1 a4 21. Bc3 axb3 22. axb3 Qb5 23. Rf2 Rcb8 24. Rb2 Ba3 25. b4 Bxb2 26. Nxb2 Qb7 27. Nd3 Qa6 28. Nf4 Qa4 29.
Qe1 Nb6 30. Nh5 Nc4 31. Bf1 Nd6 32. exd5 cxd5 33. Qe5 Nf5 34. g4 Bg6 35. Nf4 Ne7 36. Qd6 Qe8 37. b5 Rc8 38. b6 Rab8 39. Bd2 Rxc1 40. Bxc1 Qd8 41. Ba3 Qxd6 42. Bxd6 Rb7 43. Bc7 Nc8 44. Ba6 Rxb6 45. Bxb6 Nxb6 46. Nxg6 fxg6 47. Kg2 Kf7 48. Kg3 Nd7 49. h4 g5 50.
h5 Nf6 51. Kf2 Ne8 52. Bb5 Nd6 53. Bc6 Kf6 54. Ke3 Nc4+ 55. Kd3 Nb2+ 56. Kc3 Nc4 57. Bb5 Ne3 58. Bd3 Ng2 59. Be2 Nf4 60. Bd1 Ke7 61. Kb4 Kd6 62. Kb5 e5 63. dxe5+ Kxe5 64. Kc5 d4 65. Kc4 Ne6 66. Kd3 Nf4+ 67. Kc4 Nd5 68. Kd3 Ne3 69. Bb3 Ng2 70. Ba4 Nf4+ 71. Kc4 Nh3 72.
Bc6 Nf4 73. Be4 Ne6 74. Bb7 Nf4 75. Bc8 Nh3 76. Bb7 Nf4 77. Ba8 Ne2 78. Kd3 Nf4+ 79.
Kd2 Ng2 80. Kd3 Nf4+ 81. Kc4 Nh3 82. Be4 Nf4 83. Kc5 Nh3 84. Kc4 Nf4 85. Bb7 Nh3 86.
Kd3 Nf4+ 87. Kd2 Nh3 88. Be4 Nf4 89. Bf5 Nh3 90. Be4 Kf4 91. Kd3 Ng1 92. Kxd4 Nxf3+ 93.
Kd5 Nh2 94. Bf5 Nxg4 95. Ke6 Nf6 96. Bg6 g4 97. Kf7 g3 98. Kxg7 Kg5 99. Be4 g2 100. Bxg2 Nxh5+ 101. Kf7 1/2-1/2

[Event "*** Titled Tuesday Blitz"]
[Site "Chess.com"]
[Date "2020.04.21"]
[Round "7"]
[White "Korchmar_Vasiliy"]
[Black "KNVB"]
[Result "1/2-1/2"]
[WhiteElo "2594"]
[BlackElo "2761"]
[TimeControl "180+1"]
[EndTime "11:25:33 PDT"]
[Termination "Game drawn by repetition"]

1. d4 Nf6 2. Nf3 e6 3. Bf4 d5 4. e3 c5 5. Nbd2 Bd6 6. Bg3 Qc7 7. Ne5 Nc6 8. Nxc6 bxc6 9. dxc5 Bxg3 10. hxg3 Qa5 11. Bd3 Qxc5 12. c3 Rb8 13. Qc2 h6 14. e4 e5 15. O-O O-O 16. Rae1 Re8 17. Re2 Bg4 18. Re3 a5 19. Rfe1 d4 20. cxd4 Qxc2 21.
Bxc2 Rxb2 22. Rc1 exd4 23. Ra3 Be6 24. Nf3 Rd8 25. Ne5 c5 26. Nd3 Rxc2 27. Rxc2 c4 28. Nc5 c3 29. e5 Ng4 30. Rxa5 d3 31. Nxd3 Rxd3 32. Rc1 Nxe5 33. Rxe5 Rd2 34. Rxc3 Rxa2 35. Re1 g5 36. Rce3 Kg7 37. R3e2 Ra6 38. Re3 Rc6 39.
Re5 Kg6 40. R5e3 Kf6 41. Rd3 Kg6 42. Rf3 Kg7 43. Ra3 Kg6 44. Rea1 Kg7 45. Ra6 Rc5 46.
Ra7 Kg6 47. Re1 Rc6 48. Rb7 Rd6 49. Rb4 Rc6 50. Rbb1 Ra6 51. Ra1 Rb6 52. Rab1 Ra6 53. Rbc1 Rb6 54. Re2 Ra6 55. f3 Rb6 56. g4 h5 57. gxh5+ Kxh5 58. Kf2 Kg6 59. Rc3 Rb5 60. Rce3 Kf6 61. Re4 Ra5 62. Rd4 Rb5 63. Red2 Ra5 64. Kg3 Rb5 65. Re4 Ra5 66. Rb4 Rc5 67. Rdb2 Rd5 68. Rb5 Rd3 69. Rc5 Kg6 70. Kf2 g4 71. fxg4 Bxg4 72. Rc6+ Be6 73. Rc5 Rd4 74. Re5 Ra4 75. Re3 Kf6 76. Rf3+ Ke7 77. Re2 Rb4 78. Rd2 Ra4 79. Re3 Ra7 80. Kg3 Kf8 81.
Kh2 Kg7 82. Rg3+ Kf8 83. Rf2 Ke7 84. Kg1 Ra1+ 85. Rf1 Ra5 86. Rgf3 Rg5 87. Rf4 Bd5 88.
R1f2 Be6 89. R4f3 Bd5 90. Rf5 Rxf5 91. Rxf5 Be6 92. Ra5 Kf6 93. Kf2 Kg6 94. Kg3 Kf6 95. Kf4 Bb3 96. g4 Bc2 97. g5+ Kg7 98. Ra6 Bg6 99.
Rb6 Bh7 100. Ke5 Bg6 101. Rb7 Bh5 102. Rc7 Bg6 103. Kf4 Bh5 104. Ke5 Bg6 105. Rc6 Bh5 106. Rb6 Bg6 107. Kd6 Bh5 108. Ke7 Bg6 109. Rf6 Bh5 110. Rf5 Bg6 111. Rf4 Bh5 112. Kd6 Bg6 113. Ke5 Bh5 114. Rf6 Bg6 115. Kf4 Bh5 116. Kg3 Bg6 117. Kh4 Bh7 118. Rf4 Bg6 119. Rf3 Bh7 120. Rc3 Bg6 121. Ra3 Bh7 122. Ra6 Bg6 123. Rb6 Bh7 124. g6 Bxg6 125. Kg5 Bh7 126. Rf6 Bg6 127. Rc6 Bh7 128. Rf6 Bg6 129. Rc6 Bh7 130. Rb6 Bg6 131. Ra6 Bh7 132. Rb6 Bg6 133. Rc6 1/2-1/2

[Event "*** Titled Tuesday Blitz"]
[Site "Chess.com"]
[Date "2020.04.21"]
[Round "7"]
[White "StegariuVlad"]
[Black "ahachess"]
[Result "1/2-1/2"]
[WhiteElo "2511"]
[BlackElo "2373"]
[TimeControl "180+1"]
[EndTime "11:26:24 PDT"]
[Termination "Game drawn by 50-move rule"]

1. e4 c5 2. Nf3 d6 3. d4 cxd4 4. Nxd4 Nf6 5. Nc3 g6 6. Be3 Bg7 7. Qd2 h5 8. f3 a6 9. a4 Qc7 10.
Be2 Nbd7 11. O-O O-O 12. a5 Nc5 13. b4 Ne6 14. Na4 Nxd4 15. Bxd4 Be6 16. Nb6 Rad8 17. c4 Nd7 18. Bxg7 Kxg7 19. Nd5 Bxd5 20. cxd5 Rc8 21.
Rfc1 Qb8 22. Qd4+ f6 23. b5 Rxc1+ 24. Rxc1 axb5 25. Bxb5 Nc5 26. Qc3 Qa7 27. Kh1 Ra8 28. Ra1 Qb8 29. f4 Qc8 30. e5 Ne4 31. exf6+ exf6 32. Qd4 Qc3 33. Qxc3 Nxc3 34. Bc4 Rc8 35. Bb3 Rc5 36. Rc1 Ne4 37. Rxc5 Nxc5 38. Bc2 g5 39. g3 Kh6 40. Kg2 Kg7 41. h4 gxf4 42. gxf4 Na6 43. Bd1 Nc5 44. Bxh5 Nb3 45. Kf3 Nxa5 46. Ke3 Nb3 47.
Bd1 Nc5 48. Kd4 Kg6 49. Bg4 Kh6 50. Kc4 Kg6 51. Kb5 Nd3 52. f5+ Kh6 53. Kb6 Nf4 54. Bf3 Nd3 55. Kc7 Ne5 56. Be2 b5 57. Bxb5 Nf3 58.
Kxd6 Nxh4 59. Ke6 Kg5 60. Bd3 Nf3 61. d6 Nd4+ 62. Kd5 Nf3 63. d7 Ne5 64. d8=Q Nxd3 65. Ke6 Nf4+ 66. Kf7 Kxf5 67. Qxf6+ Ke4 68. Qa6 Nd5 69.
Kg6 Nf4+ 70. Kg5 Nd5 71. Qc6 Ke5 72. Qc5 Ke6 73. Qc1 Ke5 74. Qe1+ Kd4 75. Kf5 Ne3+ 76. Ke6 Ke4 77. Qb4+ Kd3 78. Ke5 Nc4+ 79. Kd5 Ne3+ 80.
Kc5 Nc2 81. Qc4+ Kd2 82. Qh4 Ne3 83. Kb4 Kd3 84. Qg3 Kd4 85. Qf2 Ke4 86. Qf8 Kd4 87.
Qd8+ Ke4 88. Kc3 Nd5+ 89. Kc4 Ne3+ 90. Kc5 Nf5 91. Qd5+ Kf4 92. Qd1 Ke4 93. Qe2+ Kf4 94. Kd5 Ne3+ 95. Ke6 Ke4 96. Qe1 Kd4 97. Qb4+ Kd3 98.
Ke5 Nc4+ 99. Kf4 Kd4 100. Qa4 Kd5 101. Qa8+ Kd4 102. Kf3 Ne5+ 103. Ke2 Nc4 104. Qa7+ Kd5 105. Kd3 Ne5+ 106. Kc3 Ke4 107. Qa8+ Kf5 108. Kd4 Ng6 109. Qe4+ Kf6 110. Qf3+ Ke6 111. Qe4+ Kf6 112. Qa8 Ne7 113. Qa6+ Kf5 114. Qa7 Ng6 115. Qd7+ Kf6 116. Qb7 Kf5 117. Ke3 1/2-1/2

[Event "*** Titled Tuesday Blitz"]
[Site "Chess.com"]
[Date "2020.04.21"]
[Round "8"]
[White "lolo9292"]
[Black "losersgame"]
[Result "0-1"]
[WhiteElo "2487"]
[BlackElo "2357"]
[TimeControl "180+1"]
[EndTime "11:33:04 PDT"]
[Termination "losersgame won by resignation"]

1. e4 e5 2. Nf3 Nc6 3. d4 exd4 4. Bc4 Bc5 5. c3 d3 6. Qb3 Qe7 7. O-O d6 8. Bxd3 Nf6 9. Nd4 O-O 10. Nf5 Bxf5 11. exf5 Ng4 12. h3 Nxf2 13. Rxf2 Qe1+ 14. Kh2 Bxf2 15. h4 0-1

[Event "*** Titled Tuesday Blitz"]
[Site "Chess.com"]
[Date "2020.04.21"]
[Round "8"]
[White "Ekka83"]
[Black "ReyesBraulio"]
[Result "1-0"]
[WhiteElo "2288"]
[BlackElo "2137"]
[TimeControl "180+1"]
[EndTime "11:33:36 PDT"]
[Termination "Ekka83 won by resignation"]

1. e4 d5 2. exd5 Qxd5 3. Nc3 Qd6 4. d4 a6 5. Ne4 Qg6 6. Ng3 e6 7. Nf3 Bd6 8. Bd3 f5 9. Qe2 Ne7 10. Bg5 O-O 11. O-O-O f4 12. Bxg6 Nxg6 1-0

[Event "*** Titled Tuesday Blitz"]
[Site "Chess.com"]
[Date "2020.04.21"]
[Round "8"]
[White "bakki78"]
[Black "lucliasco"]
[Result "1-0"]
[WhiteElo "2781"]
[BlackElo "2644"]
[TimeControl "180+1"]
[EndTime "11:33:39 PDT"]
[Termination "bakki78 won by resignation"]

1. e4 e5 2. Nf3 d6 3. d4 exd4 4. Nxd4 Nf6 5. Nc3 Be7 6. g3 O-O 7. Bg2 Nc6 8. Nde2 Re8 9. h3 h5 10. O-O Bd7 11. Nf4 Bf8 12. Nxh5 Nxh5 13. Qxh5 g6 14.
Qd1 Bg7 15. Nd5 Ne7 16. Bg5 Be6 17. Nf6+ Bxf6 18. Bxf6 Qd7 19. Qd2 Kh7 20. Qg5 Ng8 21.
Qh4+ Nh6 22. Bg5 1-0

[Event "*** Titled Tuesday Blitz"]
[Site "Chess.com"]
[Date "2020.04.21"]
[Round "8"]
[White "AnishGiri"]
[Black "agus_k"]
[Result "1-0"]
[WhiteElo "3005"]
[BlackElo "2619"]
[TimeControl "180+1"]
[EndTime "11:33:45 PDT"]
[Termination "AnishGiri won by resignation"]

1. e4 c5 2. Nf3 d6 3. d4 cxd4 4. Nxd4 Nf6 5. Nc3 a6 6. Be3 Nc6 7. Nb3 Bd7 8. Be2 e6 9. g4 h6 10. h4 Qc7 11. Rg1 g6 12. g5 hxg5 13. hxg5 Nh5 14.
Rh1 Bg7 15. Bxh5 gxh5 16. Rxh5 Rxh5 17. Qxh5 Nb4 18. Kd2 Rc8 19. Bd4 Bxd4 20. Nxd4 Qc5 21. Qh8+ Ke7 22. Qf6+ Ke8 23. Rh1 1-0

[Event "*** Titled Tuesday Blitz"]
[Site "Chess.com"]
[Date "2020.04.21"]
[Round "8"]
[White "pawnwonder"]
[Black "juniortay"]
[Result "0-1"]
[WhiteElo "2199"]
[BlackElo "2404"]
[TimeControl "180+1"]
[EndTime "11:33:56 PDT"]
[Termination "juniortay won by checkmate"]

1. e4 e5 2. Nf3 Nf6 3. Nxe5 Nc6 4. Nxc6 dxc6 5. Nc3 Bc5 6. Be2 Qd4 7. O-O h5 8.
d3 Ng4 9. Qe1 Qe5 10. g3 h4 11.
Kh1 hxg3 12. fxg3 Rxh2# 0-1

[Event "*** Titled Tuesday Blitz"]
[Site "Chess.com"]
[Date "2020.04.21"]
[Round "8"]
[White "velemajstor767276"]
[Black "VALPARAISO37"]
[Result "1-0"]
[WhiteElo "2513"]
[BlackElo "2343"]
[TimeControl "180+1"]
[EndTime "11:34:05 PDT"]
[Termination "velemajstor767276 won by checkmate"]

1. Nf3 d5 2. d4 Nf6 3. Bf4 c5 4. e3 Nc6 5. Nbd2 cxd4 6. exd4 Bf5 7. c3 a6 8. Qb3 Qc8 9. Ne5 e6 10. Be2 Nxd4 11. cxd4 Bc2 12. Qc3 Ne4 13. Nxe4 dxe4 14. Rc1 a5 15. O-O Bb4 16. Bb5+ Ke7 17. Qxc2 Qc3 18.
bxc3 f6 19. cxb4 Rac8 20. Qxc8 Rd8 21. Rc7+ Rd7 22. Rxd7# 1-0

[Event "*** Titled Tuesday Blitz"]
[Site "Chess.com"]
[Date "2020.04.21"]
[Round "8"]
[White "P4AD"]
[Black "MoreChessJulia"]
[Result "1-0"]
[WhiteElo "2663"]
[BlackElo "1770"]
[TimeControl "180+1"]
[EndTime "11:34:23 PDT"]
[Termination "P4AD won by resignation"]

1. d4 c5 2. c3 b5 3. e4 a6 4. Bd3 d6 5. f4 h5 6. Nf3 Bg4 7. O-O e6 8. Be3 c4 9. Bc2 d5 10. Nbd2 Nf6 11. h3 Bxf3 12. Qxf3 Qd7 13. f5 Nc6 14. fxe6 Qxe6 15. Rae1 O-O-O 16. exd5 Qxd5 17. Ne4 Qd7 18. Nxf6 gxf6 19. Bf5 1-0

[Event "*** Titled Tuesday Blitz"]
[Site "Chess.com"]
[Date "2020.04.21"]
[Round "8"]
[White "AnonymusDonkey"]
[Black "JiaHaoxiang"]
[Result "1-0"]
[WhiteElo "2426"]
[BlackElo "2567"]
[TimeControl "180+1"]
[EndTime "11:34:24 PDT"]
[Termination "AnonymusDonkey won by resignation"]

1. e4 c5 2. Nf3 e6 3. d4 cxd4 4. Nxd4 a6 5. g3 d5 6. Nb3 Nf6 7. exd5 Qxd5 8. Qxd5 Nxd5 9. Bg2 Nc6 10. O-O Ndb4 11. Na3 Bd7 12. Rd1 O-O-O 13. c3 Nd5 14. Nc4 Nce7 15. Nd6+ 1-0

[Event "*** Titled Tuesday Blitz"]
[Site "Chess.com"]
[Date "2020.04.21"]
[Round "8"]
[White "Evgeny81"]
[Black "DoHoChess"]
[Result "0-1"]
[WhiteElo "2712"]
[BlackElo "2571"]
[TimeControl "180+1"]
[EndTime "11:34:56 PDT"]
[Termination "DoHoChess won by checkmate"]

1. d4 d5 2. c4 e6 3. Nf3 Nf6 4.
Nc3 c5 5. cxd5 exd5 6. g3 Nc6 7. Bg2 cxd4 8. Nxd4 Bc5 9. Nxc6 bxc6 10. O-O O-O 11. b3 h5 12. Bb2 h4 13. Qd2 Re8 14.
Rad1 Bg4 15. gxh4 Nh5 16. h3 Qxh4 17. hxg4 Bd6 18. Rfe1 Qh2+ 19. Kf1 Nf4 20. Bf3 Nh3 21. e3 Qg1+ 22. Ke2 Nf4# 0-1

[Event "*** Titled Tuesday Blitz"]
[Site "Chess.com"]
[Date "2020.04.21"]
[Round "8"]
[White "Enriquack"]
[Black "ShieldingOff"]
[Result "1-0"]
[WhiteElo "2255"]
[BlackElo "2013"]
[TimeControl "180+1"]
[EndTime "11:35:09 PDT"]
[Termination "Enriquack won by checkmate"]

1. e3 d5 2. b3 c5 3. Bb2 Nc6 4.
Nf3 Nf6 5. Bb5 e6 6. c4 Be7 7.
Ne5 Qc7 8. O-O O-O 9. Bxc6 bxc6 10. d3 a5 11. Nd2 a4 12. f4 Bb7 13. Rf3 Ne8 14. Rh3 Bf6 15. Qh5 g6 16. Qxh7# 1-0

[Event "*** Titled Tuesday Blitz"]
[Site "Chess.com"]
[Date "2020.04.21"]
[Round "8"]
[White "Karina_Ivanova"]
[Black "Belka1989"]
[Result "1/2-1/2"]
[WhiteElo "2235"]
[BlackElo "2337"]
[TimeControl "180+1"]
[EndTime "11:35:10 PDT"]
[Termination "Game drawn by repetition"]

1. Nf3 Nf6 2. c4 d5 3. d4 c6 4. Nbd2 Bf5 5. g3 e6 6. Bg2 Be7 7. O-O O-O 8. Nh4 Bg6 9. Nxg6 hxg6 10. e4 dxe4 11. Nxe4 Nxe4 12. Bxe4 Nd7 13. Be3 e5 14. dxe5 Nxe5 15. b3 Bf6 16. Qxd8 Raxd8 17. Rad1 Rfe8 18.
h3 Rxd1 19. Rxd1 Nxc4 20. bxc4 Rxe4 21. Rd7 Rxc4 22. Rxb7 a5 23. Ra7 a4 24. Ra8+ Kh7 25.
Ra7 Kg8 26. Ra8+ Kh7 27. Ra7 Kg8 1/2-1/2

[Event "*** Titled Tuesday Blitz"]
[Site "Chess.com"]
[Date "2020.04.21"]
[Round "8"]
[White "CalinGheorghiu"]
[Black "realmadridtv"]
[Result "0-1"]
[WhiteElo "2446"]
[BlackElo "2306"]
[TimeControl "180+1"]
[EndTime "11:35:22 PDT"]
[Termination "realmadridtv won by resignation"]

1. e4 e5 2. f4 d5 3. exd5 exf4 4. d4 Nf6 5. Bxf4 Nxd5 6. Bg3 Bd6 7. Bxd6 Qxd6 8.
Nf3 O-O 9. Bd3 Re8+ 10. Kf2 Ne3 11. Qd2 Ng4+ 12. Kg1 Nc6 13. c3 Be6 14. Na3 Bd5 15.
Nc2 Bxf3 16. gxf3 Nf6 17. Kf2 Nh5 18. Be4 f5 19. Bxc6 bxc6 20. Qg5 Nf4 21. Ne3 Nh3+ 0-1

[Event "*** Titled Tuesday Blitz"]
[Site "Chess.com"]
[Date "2020.04.21"]
[Round "8"]
[White "Nakachuk"]
[Black "Gahan-MG"]
[Result "1-0"]
[WhiteElo "2773"]
[BlackElo "2600"]
[TimeControl "180+1"]
[EndTime "11:35:31 PDT"]
[Termination "Nakachuk won by resignation"]

1. Nf3 Nf6 2. g3 g6 3. Bg2 Bg7 4. O-O O-O 5. d3 d5 6. Nbd2 d4 7. e4 dxe3 8. fxe3 c5 9. e4 Nc6 10. Nc4 Bg4 11. h3 Bxf3 12. Bxf3 Nd4 13. Bg2 Nh5 14.
g4 Nf6 15. c3 Nc6 16. Be3 b6 17. a4 Rc8 18. Qe2 Qd7 19. Rad1 Rfd8 20. Bf3 Nb8 21. g5 Ne8 22. Bg4 e6 23. Rf3 Qxa4 24. Rdf1 Rd7 25. Qf2 Rcc7 26. Bxe6 Rxd3 27. Rxf7 1-0

[Event "*** Titled Tuesday Blitz"]
[Site "Chess.com"]
[Date "2020.04.21"]
[Round "8"]
[White "davigator"]
[Black "ClockworkKubrick"]
[Result "1-0"]
[WhiteElo "2393"]
[BlackElo "2180"]
[TimeControl "180+1"]
[EndTime "11:35:31 PDT"]
[Termination "davigator won by checkmate"]

1. e4 d6 2. d4 Nf6 3. Nc3 g6 4. Bg5 Bg7 5. Qd2 O-O 6. f3 c6 7. O-O-O Nbd7 8. Kb1 e5 9. Nce2 b5 10. h4 b4 11. h5 Qa5 12. Bh6 Ba6 13. Bxg7 Kxg7 14.
hxg6 fxg6 15. Qh6+ Kg8 16. Nc1 Bxf1 17. Rxf1 exd4 18.
Nge2 c5 19. Nf4 Ne5 20. Nd5 Kf7 21. Nxf6 Kxf6 22. f4 Nc4 23. Nb3 Qc7 24. e5+ Ke6 25.
Qh3+ Kd5 26. Qf3+ Ke6 27. g4 a5 28. f5+ gxf5 29. gxf5+ Ke7 30. Rxh7+ Rf7 31. f6+ Ke6 32. Qg4+ Kxe5 33. Qf5# 1-0

[Event "*** Titled Tuesday Blitz"]
[Site "Chess.com"]
[Date "2020.04.21"]
[Round "8"]
[White "qqwow"]
[Black "lifeissofun"]
[Result "1-0"]
[WhiteElo "2466"]
[BlackElo "2275"]
[TimeControl "180+1"]
[EndTime "11:35:34 PDT"]
[Termination "qqwow won by resignation"]

1. d4 Nf6 2. c4 e6 3. Nc3 Bb4 4. a3 Bxc3+ 5. bxc3 O-O 6. f3 d5 7. e3 b6 8. Bd3 Ba6 9. e4 c5 10. cxd5 Bxd3 11. Qxd3 exd5 12. e5 Nfd7 13. Ne2 Nc6 14. O-O Re8 15. f4 Rc8 16. f5 f6 17. e6 Ndb8 18.
Nf4 c4 19. Qf3 Ne7 20. Qg4 Qc7 21. Nh5 Nxf5 22. Qxf5 Nc6 23. Qg4 Kh8 24. Bf4 Qb7 25.
Rae1 Rg8 26. a4 Ne7 27. Bd6 Ng6 28. Nf4 Rce8 29. Nxg6+ 1-0

[Event "*** Titled Tuesday Blitz"]
[Site "Chess.com"]
[Date "2020.04.21"]
[Round "8"]
[White "CMS13"]
[Black "HashtagChess"]
[Result "1-0"]
[WhiteElo "2127"]
[BlackElo "1659"]
[TimeControl "180+1"]
[EndTime "11:35:41 PDT"]
[Termination "CMS13 won by resignation"]

1. e4 c5 2. Nc3 g6 3. Nf3 Bg7 4. d4 cxd4 5. Nxd4 d6 6. Be3 a6 7. Bc4 Qc7 8. Bb3 Nc6 9. Nd5 Qd8 10. Nxc6 bxc6 11. Bb6 Qd7 12. Nc7+ Kf8 13. Nxa8 Bxb2 14.
Rb1 Bc3+ 15. Kf1 Qb7 16. Qf3 Bf6 17. Bd4 Qxa8 18. Bxf6 Nxf6 19. h3 a5 20. a4 Ba6+ 21. Kg1 Kg7 22. h4 c5 23. Bd5 Nxd5 24. exd5 Bc4 25.
Qc3+ f6 26. Qxc4 Rb8 27. Rxb8 Qxb8 28. Qb5 Qd8 29. Kh2 e6 30. dxe6 1-0

[Event "*** Titled Tuesday Blitz"]
[Site "Chess.com"]
[Date "2020.04.21"]
[Round "8"]
[White "MateSchmate"]
[Black "kenta1234"]
[Result "0-1"]
[WhiteElo "2456"]
[BlackElo "2604"]
[TimeControl "180+1"]
[EndTime "11:35:42 PDT"]
[Termination "kenta1234 won by resignation"]

1. e4 c5 2. Nf3 Nc6 3. d4 cxd4 4.
Nxd4 e6 5. Nc3 Qc7 6. g3 a6 7. Bg2 Nf6 8. O-O h5 9. h3 h4 10. g4 Nxd4 11. Qxd4 Bc5 12. Qd3 d6 13. Be3 Bxe3 14.
Qxe3 Nd7 15. f4 Qc5 16. Qxc5 Nxc5 17. Rad1 Ke7 18. b4 Nd7 19. a4 a5 20. Rd4 axb4 21.
Rxb4 Nc5 22. Rd1 Rd8 23. Rbd4 b6 24. Rb4 Bd7 25. Ra1 b5 26. a5 Na6 27. Rd4 Rdc8 28. Rd3 b4 29. Ne2 Rxc2 30. Nd4 Rc3 31. Rxc3 bxc3 32. Rc1 Rc8 33. Bf1 Nb4 34. Kf2 e5 35. f5 exd4 0-1

[Event "*** Titled Tuesday Blitz"]
[Site "Chess.com"]
[Date "2020.04.21"]
[Round "8"]
[White "Korchmar_Vasiliy"]
[Black "temus_galaktionov"]
[Result "1-0"]
[WhiteElo "2605"]
[BlackElo "2738"]
[TimeControl "180+1"]
[EndTime "11:35:44 PDT"]
[Termination "Korchmar_Vasiliy won by resignation"]

1. d4 c6 2. Nf3 g6 3. e4 Bg7 4. c3 d6 5. Bd3 Nd7 6. O-O e5 7. Re1 Ngf6 8. Bg5 h6 9. Bh4 O-O 10. h3 Qc7 11. Bg3 b6 12. Nbd2 Bb7 13. a4 a5 14. Nc4 Nh5 15. Bh2 Nf4 16. Bxf4 exf4 17. Qd2 g5 18. e5 dxe5 19. Nfxe5 Rfe8 20. Nxd7 Qxd7 21. Nxb6 Qc7 22. Nxa8 Rxa8 23. Qe2 c5 24.
Qe7 Qc8 25. Bc4 Kh8 26. Qxf7 Qc6 27. d5 Qb6 28. Re7 1-0

[Event "*** Titled Tuesday Blitz"]
[Site "Chess.com"]
[Date "2020.04.21"]
[Round "8"]
[White "Olga_Girya"]
[Black "nihalsarin"]
[Result "0-1"]
[WhiteElo "2466"]
[BlackElo "3001"]
[TimeControl "180+1"]
[EndTime "11:35:53 PDT"]
[Termination "nihalsarin won by resignation"]

1. d4 Nf6 2. c4 e6 3. Nf3 d5 4. Bg5 Be7 5. e3 O-O 6. Qc2 h6 7. Bxf6 Bxf6 8. h4 c5 9. g4 g6 10. g5 hxg5 11. hxg5 Bxg5 12. Bd3 Qf6 13. Nbd2 Nc6 14.
a3 cxd4 15. Rg1 dxe3 16. Rxg5 exd2+ 17. Ke2 Qxg5 18. Nxg5 Nd4+ 19. Kxd2 Nxc2 20. Bxc2 dxc4 21. Kc3 Bd7 22. Ne4 Bc6 0-1

[Event "*** Titled Tuesday Blitz"]
[Site "Chess.com"]
[Date "2020.04.21"]
[Round "8"]
[White "LiamPutnam2008"]
[Black "Camels1981"]
[Result "1-0"]
[WhiteElo "2480"]
[BlackElo "2097"]
[TimeControl "180+1"]
[EndTime "11:35:57 PDT"]
[Termination "LiamPutnam2008 won by resignation"]

1. e4 c5 2. Nf3 d6 3. d4 cxd4 4. Nxd4 Nf6 5. Nc3 a6 6. f3 e5 7. Nb3 Be6 8. Be3 Nbd7 9. Qd2 b5 10. g4 Nb6 11. g5 Nfd7 12. Nd5 Bxd5 13. exd5 Nc4 14.
Bxc4 bxc4 15. Na5 Qc7 16. Nc6 g6 17. h4 h5 18. gxh6 Rc8 19. h5 gxh5 20. Rxh5 Nf6 21.
Rf5 Ng8 22. O-O-O Bxh6 23. Bxh6 Nxh6 24. Rh5 1-0

[Event "*** Titled Tuesday Blitz"]
[Site "Chess.com"]
[Date "2020.04.21"]
[Round "8"]
[White "Alliswell998"]
[Black "almaguerjm"]
[Result "1-0"]
[WhiteElo "2570"]
[BlackElo "2353"]
[TimeControl "180+1"]
[EndTime "11:35:59 PDT"]
[Termination "Alliswell998 won by resignation"]

1. e4 e5 2. Nf3 Nc6 3. Nc3 Bc5 4. Nxe5 Nxe5 5. d4 Bd6 6. dxe5 Bxe5 7. f4 Bxc3+ 8.
bxc3 d6 9. Bd3 Nf6 10. O-O O-O 11. Qe1 Re8 12. Qh4 Bd7 13. e5 dxe5 14. fxe5 Rxe5 15. Bg5 Qe7 16. Bxf6 Qc5+ 17. Kh1 gxf6 18. Qxh7+ Kf8 19. Qh8+ Ke7 20. Qxa8 Bc6 21. Rae1 Qd5 22. Rxe5+ fxe5 23. Qg8 e4 24. Be2 Qxa2 25. Bh5 Bd5 26. Qg5+ Kd6 27. Qf4+ Kc6 28. Bxf7 Bxf7 29. Qxf7 1-0

[Event "*** Titled Tuesday Blitz"]
[Site "Chess.com"]
[Date "2020.04.21"]
[Round "8"]
[White "Gabrielian_Artur"]
[Black "Shuvalov"]
[Result "1-0"]
[WhiteElo "2696"]
[BlackElo "2456"]
[TimeControl "180+1"]
[EndTime "11:36:00 PDT"]
[Termination "Gabrielian_Artur won by checkmate"]

1. d4 d5 2. Nf3 c5 3. c3 Nf6 4.
Bf4 Nc6 5. e3 Qb6 6. Qb3 c4 7. Qc2 Bf5 8. Qc1 e6 9. h3 h6 10. Be2 Be7 11. O-O O-O 12. Nbd2 Rfc8 13. Ne5 Qd8 14. Nxc6 Rxc6 15. Nf3 b5 16. Ne5 Rb6 17.
Bh2 b4 18. f3 a5 19. e4 Bh7 20.
exd5 exd5 21. Qe3 a4 22. a3 bxc3 23. bxc3 Rb3 24. Nc6 Bxa3 25. Nxd8 Rxd8 26. Rxa3 Rxa3 27. Qe7 Re8 28. Qxa3 Rxe2 29. Qxa4 Bd3 30. Be5 Nh7 31. Qa8+ Nf8 32. Bd6 Kh7 33. Qxf8 Kg6 34. Be5 f6 35. Bxf6 gxf6 36. Qg8+ Kf5 37. Qg4# 1-0

[Event "*** Titled Tuesday Blitz"]
[Site "Chess.com"]
[Date "2020.04.21"]
[Round "8"]
[White "GracefulYear"]
[Black "pomeraniandog"]
[Result "0-1"]
[WhiteElo "2502"]
[BlackElo "1906"]
[TimeControl "180+1"]
[EndTime "11:36:02 PDT"]
[Termination "pomeraniandog won by resignation"]

1. d4 f5 2. c4 Nf6 3. Nf3 d6 4. g3 g6 5. Bg2 Bg7 6. O-O O-O 7.
Nc3 c6 8. d5 e5 9. dxe6 Bxe6 10.
Qd3 Na6 11. Ng5 Qe7 12. Nxe6 Qxe6 13. b3 Nb4 14. Qd2 Ne4 15. Bxe4 fxe4 16. Bb2 e3 17. fxe3 Bh6 18. Rxf8+ Rxf8 19. Nd1 Qf5 20. Qe1 Nc2 21. Qf2 Qxf2+ 22. Nxf2 Nxa1 23. Bxa1 Bxe3 0-1